 Dungeon Crawl Stone Soup version 0.31-a0-150-g89dc3ad700 (webtiles) character file.

Game seed: 2070722896240841228

452 qw the Skirmisher (level 6, -1/55 HPs)
             Began as a Minotaur Hunter on June 8, 2023.
             Slain by Edmund
             ... wielding a +1 heavy dire flail
              (17 damage)
             ... on level 4 of the Dungeon.
             The game lasted 00:01:16 (3133 turns).

qw the Skirmisher (Minotaur Hunter)                 Turns: 3133, Time: 00:01:16

Health: -1/55      AC:  6    Str: 15    XL:     6   Next: 75%
Magic:  5/5        EV: 11    Int:  6    God:
Gold:   80         SH:  0    Dex: 16    Spells: 5/5 levels left

rFire   . . .        Y - +0 shortbow
rCold   . . .        (shield currently unavailable)
rNeg    + . .        e - +0 ring mail
rPois   .            (helmet restricted)
rElec   .            (no cloak)
rCorr   .            (no gloves)
SInv    .            n - +0 pair of boots
Will    .....        (no amulet)
Stlth   +            a - ring of positive energy
HPRegen 0.29/turn    (no ring)
MPRegen 0.09/turn

%: no passive effects
@: no status effects
A: horns 2, retaliatory headbutt
a: no special abilities


You were on level 4 of the Dungeon.
You visited 1 branch of the dungeon, and saw 4 of its levels.

You collected 258 gold pieces.
You spent 178 gold pieces at shops.


Innate Abilities, Weirdness & Mutations

You have a pair of horns on your head.
You reflexively headbutt those who attack you in melee.


   Skills:
 + Level 4.8 Fighting
 - Level 8.0 Ranged Weapons
 - Level 1.0 Armour
 - Level 2.1 Dodging
 - Level 0.7 Stealth


You had 5 spell levels left.
You didn't know any spells.
Your spell library was empty.

Inventory:

Hand Weapons
 Y - a +0 shortbow (weapon)
Armour
 e - a +0 ring mail (worn)
 n - a +0 pair of boots (worn)
Jewellery
 a - a ring of positive energy (left hand)
Scrolls
 b - 2 scrolls of teleportation
 c - a scroll of identify
Potions
 d - a potion of might {unknown}
 f - 2 potions of curing
 g - a potion of magic {unknown}
 h - a potion of ambrosia {unknown}
 i - a potion of attraction {unknown}
 k - a potion of invisibility {unknown}
 l - a potion of mutation {unknown}
 o - a potion of berserk rage {unknown}

Dungeon Overview and Level Annotations

Branches:
Dungeon (4/15)
 Temple: D:4-7

Altars:
Fedhas
Zin

Shops:
D:3 *(

Annotations:
D:4 Edmund


Message History

d - a fuming purple potion Edmund the Younger comes into view.
He is wielding a +1 heavy dire flail and carrying a wand of digging (1).
You shoot an arrow. The arrow hits Edmund.
Edmund shouts!
Edmund is lightly wounded.
You shoot an arrow.
The arrow hits Edmund but does no damage.
Edmund is lightly wounded.
You shoot an arrow.
The arrow hits Edmund but does no damage.
Edmund is lightly wounded.
You shoot an arrow.
The arrow hits Edmund but does no damage.
Edmund is lightly wounded.
Edmund hits you with a +1 heavy dire flail!
You shoot an arrow.
The arrow hits Edmund but does no damage.
Edmund is lightly wounded.
You shoot an arrow. The arrow barely misses Edmund.
Edmund hits you with a +1 heavy dire flail.
You shoot an arrow.
The arrow hits Edmund but does no damage.
Edmund is lightly wounded.
Edmund misses you. You furiously retaliate!
You headbutt Edmund. You shoot an arrow. The arrow hits Edmund!
Edmund is moderately wounded.
Edmund hits you with a +1 heavy dire flail!
You shoot an arrow.
The arrow hits Edmund but does no damage.
Edmund is moderately wounded.
You shoot an arrow. The arrow barely misses Edmund.
Edmund hits you with a +1 heavy dire flail!
You shoot an arrow. The arrow completely misses Edmund.
Edmund closely misses you.
You shoot an arrow. The arrow hits Edmund.
Edmund is heavily wounded.
You shoot an arrow. The arrow hits Edmund.
Edmund is heavily wounded.
Edmund hits you with a +1 heavy dire flail!
You die...

#%..#.#..#
#<......?#
###......#
###.####
#.# ## #.#
.. #.#
##.##.#.#
......@@#
##.##.###
... ###


You could see Edmund.

Vanquished Creatures
  Grinder (D:3)
  A scorpion (D:4)
  Jessica (D:3)
  Ijyb (D:3)
  Terence (D:3)
  2 orc wizards (D:3)
  5 worms
  A dart slug (D:1)
  3 orcs (D:3)
  6 ball pythons
  5 endoplasms
  4 giant cockroaches
  5 goblins
  5 hobgoblins
  7 jackals
  4 kobolds
  3 quokkas
  5 bats
  5 frilled lizards
  5 rats
70 creatures vanquished.

Notes
Turn   | Place    | Note
-------+----------+-------------------------------------------
     0 | D:1      | qw the Minotaur Hunter began the quest for the Orb.
     0 | D:1      | Reached XP level 1. HP: 18/18 MP: 0/0
     0 | D:1      | 0 ||| qw: Version: 0.2-a-119-g7aa9181
     0 | D:1      | 0 ||| qw: Game counter: 2917
     0 | D:1      | 0 ||| qw: Always use a shield: true
     0 | D:1      | 0 ||| qw: God list: Okawaru
     0 | D:1      | 0 ||| qw: Allow faded altars: false
     0 | D:1      | 0 ||| qw: Do Orc after D:15 true
     0 | D:1      | 0 ||| qw: Do second Lair branch before Depths: true
     0 | D:1      | 0 ||| qw: Lair rune preference: random
     0 | D:1      | 0 ||| qw: Plans: Normal
     0 | D:1      | 0 ||| PLANNING D:1-11
    85 | D:1      | Reached XP level 2. HP: 25/25 MP: 1/1
   110 | D:1      | Reached skill level 5 in Ranged Weapons
   184 | D:1      | Reached skill level 3 in Fighting
   522 | D:1      | Reached XP level 3. HP: 31/31 MP: 2/2
   703 | D:1      | 703 ||| UPGRADING to +0 ring mail.
   713 | D:1      | 713 ||| DROPPING +0 leather armour.
   714 | D:1      | 714 ||| READING scroll labelled EMAMUSAPNU.
   715 | D:1      | 715 ||| READING scroll labelled KIMIUXOCKOS.
   716 | D:1      | 716 ||| READING scroll labelled WUDAUL NUJIXUGRY.
   717 | D:1      | 717 ||| READING scroll labelled ENURAJAABRU.
   718 | D:1      | 718 ||| READING scroll labelled BUJ ZIUNNUYRE.
   719 | D:1      | 719 ||| READING scroll labelled VOLAQA QOUDEIZID.
   724 | D:1      | 724 ||| DROPPING scroll of butterflies.
   757 | D:2      | 757 ||| STAIRDANCE
   762 | D:1      | Reached skill level 1 in Armour
  1215 | D:2      | 1215 ||| UPGRADING to ring of positive energy.
  1643 | D:2      | 1643 ||| READING scroll labelled PUM UZEANKICUH.
  1911 | D:3      | Found Soll's General Store.
  1923 | D:3      | 1923 ||| BUYING potion of curing (33 gold).
  1923 | D:3      | Bought a potion of curing for 33 gold pieces
  1923 | D:3      | 1923 ||| BUYING scroll of identify (22 gold).
  1923 | D:3      | Bought a scroll of identify for 22 gold pieces
  1923 | D:3      | 1923 ||| BUYING scroll of teleportation (33 gold).
  1923 | D:3      | Bought a scroll of teleportation for 33 gold pieces
  1947 | D:3      | Noticed Terence
  1962 | D:3      | Killed Terence
  1963 | D:3      | Reached skill level 6 in Ranged Weapons
  1963 | D:3      | Reached XP level 4. HP: 12/38 MP: 3/3
  2091 | D:3      | 2091 ||| DRINKING 2 potions of curing.
  2091 | D:3      | 2091 ||| (to cure confusion)
  2108 | D:3      | 2108 ||| FLEEEEING.
  2109 | D:3      | 2109 ||| FLEEEEING.
  2110 | D:3      | 2110 ||| FLEEEEING.
  2111 | D:3      | 2111 ||| FLEEEEING.
  2112 | D:3      | 2112 ||| FLEEEEING.
  2113 | D:3      | 2113 ||| FLEEEEING.
  2114 | D:3      | 2114 ||| FLEEEEING.
  2115 | D:3      | 2115 ||| FLEEEEING.
  2116 | D:3      | 2116 ||| FLEEEEING.
  2117 | D:3      | 2117 ||| FLEEEEING.
  2118 | D:3      | 2118 ||| FLEEEEING.
  2119 | D:3      | 2119 ||| FLEEEEING.
  2120 | D:3      | 2120 ||| FLEEEEING.
  2121 | D:3      | 2121 ||| FLEEEEING.
  2122 | D:3      | 2122 ||| FLEEEEING.
  2123 | D:3      | 2123 ||| FLEEEEING.
  2124 | D:3      | 2124 ||| FLEEEEING.
  2125 | D:3      | 2125 ||| FLEEEEING.
  2126 | D:3      | 2126 ||| FLEEEEING.
  2127 | D:3      | 2127 ||| FLEEEEING.
  2128 | D:3      | 2128 ||| FLEEEEING.
  2129 | D:3      | 2129 ||| FLEEEEING.
  2130 | D:3      | 2130 ||| FLEEEEING.
  2131 | D:3      | 2131 ||| FLEEEEING.
  2132 | D:3      | 2132 ||| FLEEEEING.
  2133 | D:3      | 2133 ||| FLEEEEING.
  2134 | D:3      | 2134 ||| FLEEEEING.
  2135 | D:3      | 2135 ||| FLEEEEING.
  2136 | D:3      | 2136 ||| FLEEEEING.
  2137 | D:3      | 2137 ||| FLEEEEING.
  2138 | D:3      | 2138 ||| FLEEEEING.
  2139 | D:3      | 2139 ||| FLEEEEING.
  2140 | D:3      | 2140 ||| FLEEEEING.
  2141 | D:3      | 2141 ||| FLEEEEING.
  2142 | D:3      | 2142 ||| FLEEEEING.
  2143 | D:3      | 2143 ||| FLEEEEING.
  2144 | D:3      | 2144 ||| FLEEEEING.
  2145 | D:3      | 2145 ||| FLEEEEING.
  2146 | D:3      | 2146 ||| FLEEEEING.
  2147 | D:3      | 2147 ||| FLEEEEING.
  2148 | D:3      | 2148 ||| FLEEEEING.
  2149 | D:3      | 2149 ||| FLEEEEING.
  2150 | D:3      | 2150 ||| FLEEEEING.
  2151 | D:3      | 2151 ||| FLEEEEING.
  2152 | D:3      | 2152 ||| FLEEEEING.
  2154 | D:3      | 2154 ||| FLEEEEING.
  2155 | D:3      | 2155 ||| FLEEEEING.
  2156 | D:3      | 2156 ||| FLEEEEING.
  2157 | D:3      | 2157 ||| STAIRDANCE
  2249 | D:3      | Noticed Ijyb
  2253 | D:3      | Killed Ijyb
  2254 | D:3      | Reached XP level 5. HP: 33/46 MP: 4/4
  2479 | D:3      | Found Zin's Purification Station.
  2484 | D:3      | Found a glowing silver altar of Zin.
  2489 | D:3      | 2489 ||| BUYING potion of curing (90 gold).
  2489 | D:3      | Bought a potion of curing for 90 gold pieces
  2517 | D:3      | Found Nixzut's Weapon Emporium.
  2523 | D:3      | 2523 ||| UPGRADING to +0 pair of boots.
  2529 | D:3      | Noticed Grinder
  2550 | D:3      | Paralysed by Grinder for 2 turns
  2555 | D:3      | Paralysed by Grinder for 2 turns
  2557 | D:3      | Killed Grinder
  2558 | D:3      | Reached skill level 7 in Ranged Weapons
  2558 | D:3      | Reached XP level 6. HP: 40/52 MP: 5/5
  2639 | D:3      | Found a blossoming altar of Fedhas.
  2860 | D:3      | Noticed Jessica
  2861 | D:3      | Killed Jessica
  2862 | D:3      | Reached skill level 8 in Ranged Weapons
  3001 | D:3      | 3001 ||| READING scroll labelled HEGOZI MOWIERAJ.
  3002 | D:3      | 3002 ||| READING scroll labelled QUTHA ZUKHE.
  3003 | D:3      | 3003 ||| READING scroll labelled POOSHULURGH.
  3004 | D:3      | 3004 ||| DRINKING 2 sedimented yellow potions.
  3046 | D:3      | 3046 ||| DROPPING potion of lignification.
  3120 | D:4      | Noticed Edmund
  3133 | D:4      | Slain by Edmund

Levels and vault maps discovered:
D:1:      lightli_arrival_isolated_outpost, layout_basic
D:2:      minmay_inner_zag, layout_rooms, serial_co_window_serial,
          co_window_corner_a, co_window_of_opportunity_a, co_window_paths_a,
          co_window_paths_a, co_window_paths_a, co_window_paths_b,
          co_window_corner_b, co_window_corner_cb, co_window_2corner,
          co_window_corner_b, co_window_broadway_c, co_window_of_opportunity_b,
          co_window_corner_ca, glass_columns_a, glass_columns_b, glass_columns_b
D:3:      layout_basic, zin_purify, fedhas_ov_isle_minmay, serial_shops,
          nicolae_square_shop, shop, uniq_jessica, uniq_ijyb, uniq_terence,
          uniq_grinder
D:4:      layout_loops_cross, mainiacjoe_overflow_cross_hatched,
          nicolae_ru_the_path_less_chosen, ebering_ghost_rock_garden,
          minmay_checkerbox, uniq_blork_the_orc, uniq_edmund, uniq_natasha

Skill      XL: |  1  2  3  4  5  6 |
---------------+-------------------+-----
Ranged Weapons | 5 6 7 8 |  8.0
Fighting       | 3 4 |  4.8
Armour         | 1 |  1.0
Dodging        | |  2.1
Stealth        | |  0.7

Action                     |  1- 3 |  4- 6 || total
---------------------------+-------+-------++-------
   Fire: Shortbow          |   128 |   112 ||   240
    Use: Scroll            |     7 |     3 ||    10
         Potion            |       |     2 ||     2
 Armour: Leather armour    |     5 |       ||     5
         Ring mail         |    17 |    12 ||    29
  Dodge: Dodged            |    38 |    19 ||    57

Table legend:
 A = Non-vault XP
 B = Vault XP
 C = Vault XP percentage of total XP
 D = Non-vault monster count
 E = Vault monster count
 F = Vault count percentage of total count
                 A         B        C        D         E       F
            +---------+---------+-------+---------+---------+-------
      Total |     261 |     385 |  59.6 |      63 |       7 |  10.0
            +---------+---------+-------+---------+---------+-------
        D:1 |      52 |       0 |   0.0 |      27 |       0 |   0.0
        D:2 |      26 |       4 |  13.3 |      12 |       3 |  20.0
        D:3 |     100 |     381 |  79.2 |      23 |       4 |  14.8
        D:4 |      83 |       0 |   0.0 |       1 |       0 |   0.0
            +---------+---------+-------+---------+---------+-------
